 Dungeon Sprint DCSS version 0.27-a0-1081-ge8a0a9c698 (webtiles) character file.

Game seed: 15128022455224936481

34142 mhtbhm the Sorcerer (level 13, -9/63 HPs)
             Began as a Deep Elf Fire Elementalist on Apr 25, 2021.
             Was the Champion of Vehumet.
             Shot with an arrow by a deep elf master archer (42 damage)
             ... in the Dungeon (Sprint V: "Ziggurat Sprint").
             The game lasted 00:11:07 (2002 turns).

mhtbhm the Sorcerer (Deep Elf Fire Elementalist)    Turns: 2002, Time: 00:11:08

Health: -9/63      AC: 10    Str:  5    XL:     13   Next: 40%
Magic:  37/37      EV: 17    Int: 41    God:    Vehumet [******]
Gold:   0          SH:  0    Dex: 15    Spells: 28/57 levels left

rFire    + . .     SeeInvis +   C - +8 lance "Wyrmbane" {slay drac, rPois rF+ rC+ AC+3}
rCold    + + .     Faith    +   (no shield)
rNeg     . . .     Spirit   .   a - +4 robe "Tyciodd" {Harm rC+ Int+3}
rPois    +         Reflect  .   F - +0 helmet {SInv}
rElec    .         Harm     +   (no cloak)
rCorr    .         Rampage  .   (no gloves)
Will     +....     NoTele   +   (no boots)
Stlth    +++.......             r - amulet of faith
HPRegen  0.20/turn              u - +6 ring of intelligence
MPRegen  0.25/turn              v - +6 ring of intelligence

@: studying 2 skills
A: low mp 1
a: Renounce Religion


You were in the Dungeon.
You worshipped Vehumet.
Vehumet was exalted by your worship.
You visited 1 branch

Inventory:

Hand Weapons
 w - the +8 whip "Snakebite" {curare, rPois}
   (You found it in the Dungeon)

   It poisons the flesh of those it strikes.
   It protects you from poison.
 C - the +8 lance "Wyrmbane" (weapon) {slay drac, rPois rF+ rC+ AC+3}
   (You found it in the Dungeon)

   It affects your AC (+3).
   It protects you from fire.
   It protects you from cold.
   It protects you from poison.
 I - the +7 lajatang of Order {silver, rMut}
   (You found it in the Dungeon)

   It protects you from mutation.
Missiles
 N - 7 boomerangs of dispersal
Armour
 a - the +4 robe "Tyciodd" (worn) {Harm rC+ Int+3}
   (You found it in the Dungeon)

   It affects your intelligence (+3).
   It protects you from cold.
   It increases damage dealt and taken.
 F - a +0 helmet of see invisible (worn)
 H - the +3 robe of Clouds {+Thunder rCloud rElec}
   (You found it in the Dungeon)

   It insulates you from electricity.
Jewellery
 r - an amulet of faith (around neck)
 u - a +6 ring of intelligence (left hand)
 v - a +6 ring of intelligence (right hand)
 G - an amulet of magic regeneration
 K - the macabre finger necklace {rN+}
   (You found it in the Dungeon)

   [amulet of nothing]

   It enables you to equip an extra ring.
   It protects you from negative energy.
Wands
 y - a wand of mindburst (6)
 z - a wand of iceblast (1)
 A - a wand of acid (3)
Scrolls
 h - 3 scrolls of blinking
 m - 4 scrolls of amnesia
 n - 7 scrolls of fog
 o - a scroll of holy word
 p - 5 scrolls of identify
 q - a scroll of fear
 L - 2 scrolls of brand weapon
 M - 4 scrolls of enchant weapon
 O - 4 scrolls of enchant armour
Potions
 b - 2 potions of brilliance
 c - 10 potions of curing
 d - 7 potions of heal wounds
 e - 6 potions of haste
 f - 7 potions of magic
 g - 3 potions of berserk rage
 i - 2 potions of invisibility
 j - 4 potions of resistance
 k - a potion of experience
 l - 8 potions of might
Miscellaneous
 s - a phantom mirror
 t - a piece from Xom's chessboard (15/15)
 x - a tin of tremorstones (2/2)
 B - a lightning rod (1/4)
 D - a box of beasts
 E - a condenser vane


   Skills:
 + Level 10.7 Dodging
 - Level 5.3 Stealth
 + Level 22.7 Spellcasting
 + Level 18.5 Conjurations
 + Level 21.8 Fire Magic
 + Level 3.2 Earth Magic
 + Level 14.4 Evocations


You had 28 spell levels left.
You knew the following spells:

 Your Spells              Type           Power      Damage    Failure   Level
a - Foxfire               Conj/Fire      100%       2x1d9     0%          1
b - Conjure Flame         Conj/Fire      100%       6-21      0%          3
c - Inner Flame           Hex/Fire       94%        N/A       0%          3
d - Sticky Flame          Conj/Fire      100%       2d11      0%          4
e - Fireball              Conj/Fire      59%        3d23      0%          5
f - Lee's Rapid Deconstr  Erth           32%        3d18*     1%          5
g - Ignition              Fire           61%        3d17      1%          8

Your spell library contained the following spells:

 Spells                   Type           Power      Damage    Failure   Level
 Conjure Ball Lightning   Conj/Air       44%        3x3d15    1%          6
 Shock                    Conj/Air       100%       1d9       0%          1
 Static Discharge         Conj/Air       89%        N/A       0%          2
 Stone Arrow              Conj/Erth      100%       3d13      0%          3
 Animate Skeleton         Necr           92%        N/A       1%          1
 Apportation              Tloc           92%        N/A       1%          1
 Corona                   Hex            51%        N/A       1%          1
 Sandblast                Erth           100%       2d20      1%          1
 Sting                    Tmut/Pois      100%       1d8       1%          1
 Summon Small Mammal      Summ           100%       N/A       1%          1
 Corpse Rot               Necr/Air       N/A        N/A       1%          2
 Passwall                 Tmut/Erth      46%        N/A       1%          2
 Poisonous Vapours        Pois/Air       92%        N/A       1%          2
 Sublimation of Blood     Necr           23%        N/A       1%          2
 Gell's Gravitas          Tloc           23%        N/A       1%          3
 Ignite Poison            Fire/Tmut/Pois 82%        N/A       1%          3
 Mephitic Cloud           Conj/Pois/Air  77%        N/A       1%          3
 Portal Projectile        Hex/Tloc       92%        N/A       1%          3
 Spider Form              Tmut/Pois      23%        N/A       1%          3
 Swiftness                Air            46%        N/A       1%          3
 Airstrike                Air            23%        N/A       1%          4
 Olgreb's Toxic Radiance  Pois           46%        N/A       1%          4
 Bolt of Magma            Conj/Fire/Erth 52%        4d21      1%          5
 Irradiate                Conj/Tmut      44%        3d28      1%          5
 Lightning Bolt           Conj/Air       44%        1d64      1%          5
 Leda's Liquefaction      Hex/Erth       28%        N/A       2%          4
 Petrify                  Tmut/Erth      56%        N/A       2%          4
 Ice Form                 Ice/Tmut       46%        N/A       4%          4
 Passage of Golubria      Tloc           N/A        N/A       4%          4
 Summon Ice Beast         Ice/Summ       46%        N/A       4%          4
 Alistair's Intoxication  Tmut/Pois      30%        N/A       12%         5
 Hydra Form               Tmut           23%        N/A       12%         5
 Manifold Assault         Tloc           46%        N/A       12%         5
 Silence                  Hex/Air        23%        N/A       12%         5
 Summon Forest            Summ/Tloc      23%        N/A       12%         5
 Eringya's Noxious Bog    Tmut/Pois      23%        N/A       17%         6
 Dispersal                Tloc           23%        N/A       56%         6
 Ozocubu's Refrigeration  Ice            23%        4d9       65%         7
 Summon Hydra             Summ           23%        N/A       98%         7
 Disjunction              Tloc           23%        N/A       100%        8
 Shatter                  Erth           32%        3d26*     100%        9
 Tornado                  Air            23%        N/A       100%        9


Dungeon Overview and Level Annotations

Branches:
Dungeon (1/1)

Altars:
Ashenzari
Cheibriados
Dithmenos
Elyvilon
Fedhas
Gozag
Hepliaklqana
Kikubaaqudgha
Makhleb
Nemelex Xobeh
Okawaru
Qazlal
Ru
Sif Muna
Trog
Uskayaw
Vehumet
Wu Jian
Xom
Yredelemnul
Zin
The Shining One
Beogh
Jiyva
Lugonu


Innate Abilities, Weirdness & Mutations

Your magical capacity is low. (-10% MP)


Message History

You start resting.
HP restored.
There is a transporter here.
Welcome to arena 16.
You enter the transporter and appear at another place.
Unknown command.
Unknown command.
A dancing weapon, 5 elves and a water elemental come into view.
The deep elf archer is wielding a +0 dagger of pain.
There is a +1 trident of freezing.
The deep elf annihilator shouts!
The deep elf blademaster shouts!
You hear a shout!
The deep elf master archer shouts!
You hear a shout!
The deep elf archer drops a +0 shortbow.
The deep elf archer picks up a +1 vorpal shortbow.
The deep elf archer wields a +1 vorpal shortbow.
The deep elf master archer wields a +0 longbow.
The deep elf master archer shoots an arrow.
The arrow hits you!!!
Ouch! That really hurt!
* * * LOW HITPOINT WARNING * * *
A fire elemental comes into view.
The deep elf annihilator moves out of view.
The deep elf master archer shouts!
Found seven items.
A deep elf blademaster comes into view. It is wielding two +0 rapiers.
Casting: Fireball (safe; 0% risk of failure)
Confirm with . or Enter, or press ? or * to list all spells.
You don't know that spell.
Casting: Fireball (safe; 0% risk of failure)
Confirm with . or Enter, or press ? or * to list all spells.
Okay, then.
You feel much better.
A deep elf zephyrmancer comes into view.
It is wielding a staff of death.
A deep elf pyromancer comes into view. It is wielding a +0 dagger.
The deep elf master archer wields a +0 longbow.
The deep elf master archer shoots an arrow.
The arrow misses you.
The deep elf master archer shoots an arrow.
The arrow hits you!!
Ouch! That really hurt!
You die...

▓...=)|)|.
▓.e.)eee)e)...▓..[....})
▓......e(e....▓..)..)...
▓......E......▓.........
▓......e......▓...)..)..
▓.............▓.........
▓.............▓..▓.....▓
▓.......▓ ▓.▓▓▓...▓▓ ▓
▓▓..@..▓▓ ▓..▓.....▓
▓..▓.......▓..▓.....©...
▓.............▓▓▓▓▓▓▓▓▓▓
▓......©......▓....8©8..
▓▓▓▓▓▓▓▓▓▓▓▓▓▓▓..)..[}}|
▓.)..)))}[ ▓...[)(...
▓.....(..) ▓.....))..


You could see 2 deep elf blademasters, 2 deep elf master archers, a deep elf
annihilator, a deep elf archer (wandering, repels missiles), a water elemental
(wandering), a deep elf pyromancer (wandering), a deep elf zephyrmancer and a +1
trident of freezing.

Vanquished Creatures
  A deep elf blademaster (D)
  An azure jelly (D)
  A rockslime (D)
  A frost giant (D)
  A stone giant (D)
  A quicksilver ooze (D)
  A red draconian (D)
  A yellow draconian (D)
  A merfolk javelineer (D)
  A merfolk impaler (D)
  A merfolk avatar (D)
  2 merfolk aquamancers (D)
  A dancing weapon (D)
  4 two-headed ogres (D)
  A death scarab (D)
  A sun demon (D)
  An orc knight (D)
  A deep elf zephyrmancer (D)
  2 deep elf pyromancers (D)
  2 shining eyes (D)
  3 orc sorcerers (D)
  A manticore (D)
  5 cyclopes (D)
  7 draconians (D)
  An eye of devastation (D)
  2 guardian mummies (D)
  5 merfolk (D)
  5 trolls (D)
  A wind drake (D)
  3 slime creatures (D)
  A hornet (D)
  A snapping turtle (D)
  3 air elementals (D)
  4 spriggans (D)
  2 water elementals (D)
  A fire elemental (D)
  A golden eye (D)
  A chaos spawn (D)
  A steam dragon (D)
  A warg (D)
  A water moccasin (D)
  3 orc warriors (D)
  A swamp drake (D)
  A black bear (D)
  A centaur (D)
  2 ogres (D)
  2 wolves (D)
  A small abomination (D)
  A crimson imp (D)
  A jelly (D)
  2 quasits (D)
  An orc priest (D)
  2 iron imps (D)
  2 iguanas (D)
  3 mummies (D)
  4 adders (D)
  2 shadow imps (D)
  A white imp (D)
  An endoplasm (D)
  A jackal (D)
  4 ball pythons (D)
112 creatures vanquished.

Vanquished Creatures (others)
  A deep elf annihilator (D)
  A deep elf high priest (D)
  A dancing weapon (D)
3 creatures vanquished.

Grand Total: 115 creatures vanquished

Notes
Turn   | Place    | Note
-------+----------+-------------------------------------------
     0 | D        | mhtbhm the Deep Elf Fire Elementalist began the quest for
                  | the Orb.
     0 | D        | Reached XP level 1. HP: 10/10 MP: 6/6
     0 | D        | Found a shimmering blue altar of Sif Muna.
     0 | D        | Found a bloodstained altar of Trog.
     0 | D        | Found a sacrificial altar of Ru.
     0 | D        | Found a stormy altar of Qazlal.
     0 | D        | Found an iron altar of Okawaru.
     1 | D        | Found a sparkling altar of Nemelex Xobeh.
     1 | D        | Found a blossoming altar of Fedhas.
     2 | D        | Found the +6 Majin-Bo {vamp, MP+6 Int+6}
     2 | D        | Found the +9 heavy crossbow "Sniper" {vorpal, Acc+∞ SInv}
     2 | D        | Found the +10 dark maul {vorpal}
     2 | D        | Found the +15 Maxwell's patent armour {-Cast -Tele rElec
                  | Will+ rCorr}
     2 | D        | Found the +18 shield of the Gong {rElec rN+ Will+ EV-5}
     2 | D        | Found the +14 obsidian axe {vorpal, Drain Fly SInv}
     2 | D        | Found the +7 great mace "Firestarter" {inner flame, rF++}
     2 | D        | Found the +6 shillelagh "Devastator" {shatter}
     2 | D        | Found the +11 plutonium sword {Contam Stlth-}
     2 | D        | Found the +8 lance "Wyrmbane" {slay drac, rPois rF+ rC+
                  | AC+3}
     2 | D        | Found the +9 sword of Zonguldrok {reap}
     2 | D        | Found the +13 scythe of Curses {drain, Drain}
     2 | D        | Found the +5 sword of Power {vorpal}
     2 | D        | Found the +7 mace of Variability {chain chaos}
     2 | D        | Found the +7 Singing Sword {vorpal, sonic wave}
     2 | D        | Found the +8 storm bow {elec, penet}
     3 | D        | Found a transporter.
     3 | D        | Found an ancient bone altar of Kikubaaqudgha.
     3 | D        | Found a viscous altar of Jiyva.
     3 | D        | Found a corrupted altar of Lugonu.
     3 | D        | Found a hazy altar of Hepliaklqana.
     3 | D        | Found a burning altar of Makhleb.
     3 | D        | Found an opulent altar of Gozag.
    35 | D        | Became a worshipper of Vehumet
    56 | D        | Entered arena 2.
    56 | D        | Noticed a steam dragon
    56 | D        | Noticed a swamp drake
    56 | D        | Found a transporter.
    60 | D        | Killed a swamp drake
    61 | D        | Reached skill level 5 in Spellcasting
    61 | D        | Reached XP level 2. HP: 15/15 MP: 6/10
    61 | D        | Reached XP level 3. HP: 19/19 MP: 7/12
    61 | D        | Reached XP level 4. HP: 24/24 MP: 7/13
    61 | D        | Killed a steam dragon
    62 | D        | Reached skill level 5 in Dodging
    62 | D        | Reached skill level 5 in Stealth
    62 | D        | Reached skill level 7 in Spellcasting
    62 | D        | Reached skill level 1 in Evocations
    62 | D        | Reached XP level 5. HP: 28/28 MP: 7/17
   130 | D        | Entered arena 3.
   130 | D        | Found a transporter.
   132 | D        | Reached * piety under Vehumet
   132 | D        | Offered knowledge of Magic Dart by Vehumet.
   133 | D        | Reached skill level 10 in Fire Magic
   134 | D        | Reached skill level 8 in Spellcasting
   134 | D        | Reached ** piety under Vehumet
   135 | D        | Reached XP level 6. HP: 32/32 MP: 19/19
   139 | D        | Learned a level 3 spell: Conjure Flame
   143 | D        | Learned a level 3 spell: Inner Flame
   148 | D        | Learned a level 4 spell: Sticky Flame
   154 | D        | Learned a level 5 spell: Fireball
   227 | D        | Entered arena 4.
   227 | D        | Found a transporter.
   228 | D        | Found the +8 whip "Snakebite" {curare, rPois}
   229 | D        | Reached *** piety under Vehumet
   230 | D        | Reached skill level 9 in Spellcasting
   294 | D        | Entered arena 5.
   294 | D        | Found a transporter.
   295 | D        | Reached **** piety under Vehumet
   338 | D        | Entered arena 6.
   338 | D        | Noticed a water moccasin
   338 | D        | Found a transporter.
   339 | D        | Offered knowledge of Static Discharge by Vehumet.
   339 | D        | Reached ***** piety under Vehumet
   340 | D        | Killed a water moccasin
   341 | D        | Reached XP level 7. HP: 36/36 MP: 14/22
   346 | D        | Got the amulet "Kuasudde" {Acrobat Str+2}
   384 | D        | Entered arena 7.
   384 | D        | Noticed a spriggan
   384 | D        | Noticed a spriggan
   384 | D        | Noticed a spriggan rider
   384 | D        | Noticed a spriggan
   385 | D        | Killed a spriggan
   386 | D        | Reached skill level 10 in Spellcasting
   387 | D        | Killed a spriggan
   388 | D        | Reached skill level 11 in Spellcasting
   388 | D        | Reached XP level 8. HP: 19/41 MP: 18/25
   388 | D        | Killed a spriggan rider
   388 | D        | Killed a hornet
   388 | D        | Reached ****** piety under Vehumet
   389 | D        | Reached skill level 12 in Spellcasting
   389 | D        | Reached skill level 5 in Conjurations
   389 | D        | Reached skill level 15 in Fire Magic
   389 | D        | Reached skill level 5 in Evocations
   389 | D        | Found a transporter.
   567 | D        | Entered arena 8.
   567 | D        | Noticed a guardian mummy
   567 | D        | Noticed a death scarab
   567 | D        | Noticed a guardian mummy
   568 | D        | Killed a death scarab
   568 | D        | Offered knowledge of Ignite Poison by Vehumet.
   569 | D        | Reached skill level 13 in Spellcasting
   569 | D        | Reached XP level 9. HP: 45/45 MP: 24/28
   571 | D        | Killed a guardian mummy
   571 | D        | Killed a guardian mummy
   572 | D        | Found a transporter.
   635 | D        | Learned a level 5 spell: Lee's Rapid Deconstruction
   638 | D        | Entered arena 9.
   638 | D        | Noticed a cyclops
   638 | D        | Noticed a merfolk
   638 | D        | Noticed a merfolk
   638 | D        | Noticed a cyclops
   638 | D        | Noticed a cyclops
   638 | D        | Noticed a merfolk
   641 | D        | Killed a cyclops
   641 | D        | Killed a merfolk
   642 | D        | Reached skill level 14 in Spellcasting
   642 | D        | Killed a merfolk
   642 | D        | Killed a merfolk
   643 | D        | Reached XP level 10. HP: 50/50 MP: 30/30
   643 | D        | Killed a cyclops
   644 | D        | Killed a cyclops
   645 | D        | Reached skill level 15 in Spellcasting
   754 | D        | Found a transporter.
   764 | D        | Got the Disquisition on Viperous Beguiling
   874 | D        | Entered arena 10.
   874 | D        | Noticed a sun demon
   875 | D        | Found the +7 lajatang of Order {silver, rMut}
   875 | D        | Found the +8 demon blade "Leech" {vamp, *Rage +Rage rN+}
   875 | D        | Offered knowledge of Iskenderun's Mystic Blast by Vehumet.
   878 | D        | Killed a sun demon
   997 | D        | Found a transporter.
  1006 | D        | Got the ring "Mistu" {rPois rN+ Will+ SInv Stlth+}
  1025 | D        | Got the +4 robe "Tyciodd" {Harm rC+ Int+3}
  1034 | D        | Entered arena 11.
  1034 | D        | Noticed a draconian
  1034 | D        | Noticed a draconian
  1034 | D        | Noticed a draconian
  1034 | D        | Noticed a draconian
  1034 | D        | Noticed a draconian
  1034 | D        | Noticed a yellow draconian
  1034 | D        | Noticed a draconian
  1034 | D        | Noticed a red draconian
  1034 | D        | Noticed a draconian
  1038 | D        | Killed a yellow draconian
  1038 | D        | Offered knowledge of Yara's Violent Unravelling by Vehumet.
  1039 | D        | Reached skill level 10 in Dodging
  1039 | D        | Killed a draconian
  1039 | D        | Killed a draconian
  1039 | D        | Killed a draconian
  1040 | D        | Reached skill level 16 in Spellcasting
  1040 | D        | Reached skill level 10 in Conjurations
  1043 | D        | Killed a red draconian
  1044 | D        | Reached XP level 11. HP: 29/54 MP: 14/33
  1051 | D        | Reached skill level 17 in Spellcasting
  1178 | D        | Found a transporter.
  1186 | D        | Got the amulet "Exunuabo" {Acrobat rN+ rCorr}
  1217 | D        | Entered arena 12.
  1217 | D        | Noticed an orc knight
  1218 | D        | Identified the +3 scimitar "Peir" {elec, +Rage Fly Str+4
                  | Int+5}
  1218 | D        | Noticed an orc sorcerer
  1219 | D        | Noticed an orc sorcerer
  1220 | D        | Killed an orc knight
  1221 | D        | Killed an orc sorcerer
  1222 | D        | Reached skill level 10 in Evocations
  1222 | D        | Killed an orc sorcerer
  1354 | D        | Found a transporter.
  1403 | D        | Entered arena 13.
  1403 | D        | Noticed a merfolk avatar
  1403 | D        | Noticed a merfolk aquamancer
  1403 | D        | Noticed a merfolk javelineer
  1405 | D        | Offered knowledge of Starburst by Vehumet.
  1406 | D        | Reached skill level 18 in Spellcasting
  1406 | D        | Killed a merfolk aquamancer
  1406 | D        | Noticed a merfolk aquamancer
  1407 | D        | Killed a merfolk javelineer
  1408 | D        | Killed a merfolk avatar
  1411 | D        | Identified the +1 ring mail of the Lion {rN+}
  1411 | D        | Noticed a merfolk impaler
  1411 | D        | Killed a merfolk aquamancer
  1412 | D        | Reached skill level 19 in Spellcasting
  1412 | D        | Reached XP level 12. HP: 38/59 MP: 23/37
  1413 | D        | Killed a merfolk impaler
  1522 | D        | Found a transporter.
  1569 | D        | Entered arena 14.
  1571 | D        | Gained mutation: Your magical capacity is low. (-10% MP) [a
                  | shining eye]
  1572 | D        | Offered knowledge of Fulminant Prism by Vehumet.
  1572 | D        | Noticed a quicksilver ooze
  1573 | D        | Reached skill level 15 in Conjurations
  1573 | D        | Noticed a rockslime
  1574 | D        | Noticed an azure jelly
  1575 | D        | Killed a quicksilver ooze
  1577 | D        | Killed a rockslime
  1578 | D        | Reached skill level 20 in Spellcasting
  1578 | D        | Killed an azure jelly
  1579 | D        | Reached skill level 1 in Earth Magic
  1632 | D        | Found a transporter.
  1639 | D        | Got Qeghyat's Collected Works on Cloudy Stones
  1644 | D        | Got the Catalogue of Glacial Envenoming
  1656 | D        | Entered arena 15.
  1657 | D        | Noticed a two-headed ogre
  1657 | D        | Noticed a stone giant
  1657 | D        | Noticed a frost giant
  1658 | D        | Noticed a two-headed ogre
  1659 | D        | Noticed a two-headed ogre
  1660 | D        | Killed a two-headed ogre
  1660 | D        | Killed a two-headed ogre
  1661 | D        | Killed a stone giant
  1662 | D        | Reached skill level 21 in Spellcasting
  1662 | D        | Noticed a two-headed ogre
  1663 | D        | Killed a two-headed ogre
  1664 | D        | Killed a frost giant
  1665 | D        | Reached XP level 13. HP: 63/63 MP: 36/36
  1710 | D        | Found the +3 robe of Clouds {+Thunder rCloud rElec}
  1710 | D        | Found a transporter.
  1812 | D        | Entered arena 16.
  1813 | D        | Noticed a deep elf blademaster
  1813 | D        | Noticed a deep elf annihilator
  1814 | D        | Found the macabre finger necklace {rN+}
  1815 | D        | Offered knowledge of Conjure Ball Lightning by Vehumet.
  1818 | D        | Found a transporter.
  1819 | D        | Reached skill level 22 in Spellcasting
  1819 | D        | Killed a deep elf annihilator
  1822 | D        | Killed a deep elf blademaster
  1903 | D        | Got the Compendium of the Arsonist
  1928 | D        | Learned a level 8 spell: Ignition
  1998 | D        | Entered arena 17.
  2001 | D        | Noticed a deep elf master archer
  2001 | D        | Noticed a deep elf annihilator
  2001 | D        | Noticed a deep elf blademaster
  2001 | D        | Noticed a deep elf master archer
  2002 | D        | Noticed a deep elf blademaster
  2002 | D        | Shot with an arrow by a deep elf master archer

Illustrated notes

Levels and vault maps discovered:
D:        sprint_v [room_start, room_1, room_2, room_3, room_4, room_5, room_6,
          room_7, room_8, room_9, room_10, room_11, room_12, room_13, room_14,
          room_15, room_16, room_17, room_18, room_19, room_20, room_21,
          room_22, room_23, room_24, room_25, room_26, room_27]

Skill      XL: |  1  2  3  4  5  6  7  8  9 10 11 12 13 |
---------------+----------------------------------------+-----
Dodging        | 4 5 6 7 9 10 | 10.7
Stealth        | 4 5 |  5.3
Spellcasting   | 5 7 8 9 11 13 14 16 19 21 22 | 22.7
Fire Magic     | 7 9 10 12 13 16 17 18 19 21 | 21.8
Evocations     | 1 3 5 6 9 11 13 14 | 14.4
Conjurations   | 2 3 6 7 10 14 17 18 | 18.5
Earth Magic    | 2 3 |  3.2

Action                   |  1- 3 |  4- 6 |  7- 9 | 10-12 | 13-15 || total
-------------------------+-------+-------+-------+-------+-------++-------
 Cast: Fireball          |       |     6 |    10 |    33 |     9 ||    58
       Lee's Rapid Decon |       |       |       |     2 |       ||     2
Evoke: Wand              |     2 |     1 |     1 |     6 |     1 ||    11
       Lightning rod     |       |     4 |       |     9 |     3 ||    16
       Condenser vane    |       |       |     1 |     6 |     1 ||     8
  Use: Scroll            |     1 |       |       |       |     1 ||     2
       Potion            |       |       |       |       |     3 ||     3
Dodge: Dodged            |     1 |       |     2 |     4 |    10 ||    17

Table legend: (Time is in decaauts)
 A = Elapsed time spent in this place.
 B = Non-inter-level travel time spent in this place.
 C = Inter-level travel time spent in this place.
 D = Time resting spent in this place.
 E = Time spent auto-exploring this place.
 F = Levels seen in this place.
 G = Mean time per level.
                   A        B        C        D        E       F      G
               +--------+--------+--------+--------+--------+-----+--------+
         Total |   2017 |   2017 |      0 |   1320 |      0 |   1 | 2017.0 |
       Dungeon |   2017 |   2017 |      0 |   1320 |      0 |   1 | 2017.0 |
               +--------+--------+--------+--------+--------+-----+--------+

Top non-repeatable levels by time:
       D: 2017 daAuts
